 Dungeon Crawl Stone Soup version 0.26-a0-1038-gfb849e850a (webtiles) character file.

Game seed: 10983744479114086638

18 Morbidden the Magician (level 2, 9/19 HPs)
             Began as a Demonspawn Wanderer on Dec 11, 2020.
             Quit the game on level 1 of the Dungeon.
             The game lasted 00:01:10 (157 turns).

Morbidden the Magician (Demonspawn Wanderer)         Turns: 157, Time: 00:01:11

Health: 9/19       AC:  2    Str: 11    XL:     2   Next: 48%
Magic:  6/6        EV: 11    Int: 12    God:
Gold:   30         SH:  0    Dex: 14    Spells: 6/7 levels left

rFire    . . .     SeeInvis .   a - +0 hand crossbow
rCold    . . .     Faith    .   (no shield)
rNeg     . . .     Spirit   .   e - +0 robe
rPois    .         Reflect  .   (no helmet)
rElec    .         Harm     .   (no cloak)
rCorr    .         Rampage  .   (no gloves)
Will     .....                  (no boots)
Stlth    +.........             (no amulet)
HPRegen  0.06/turn              (no ring)
MPRegen  0.10/turn              (no ring)

@: no status effects
A: claws 1
a: no special abilities


You were on level 1 of the Dungeon.
You visited 1 branch of the dungeon, and saw 1 of its levels.

You collected 30 gold pieces.

Inventory:

Hand Weapons
 a - a +0 hand crossbow (weapon)
Missiles
 c - 19 bolts (quivered ammo)
Armour
 e - a +0 robe (worn)
Potions
 b - a potion of lignification {unknown}


   Skills:
 * Level 0.2 Fighting
 + Level 1.0 Bows
 + Level 1.7 Armour
 + Level 0.3 Dodging
 + Level 1.0 Shields
 * Level 3.4 Spellcasting
 * Level 1.3 Air Magic
 + Level 1.0 Poison Magic
 + Level 1.0 Evocations


You had 6 spell levels left.
You knew the following spells:

 Your Spells              Type           Power        Failure   Level
a - Shock                 Conj/Air       #...         19%         1

Your spell library contained the following spells:

 Spells                   Type           Power        Failure   Level
 Swiftness                Air            #.......     21%         2
 Apportation              Tloc           #.....       24%         1
 Static Discharge         Conj/Air       #.......     47%         3
 Teleport Other           Tloc           #.......     56%         3
 Airstrike                Air            #.........   80%         4
 Lightning Bolt           Conj/Air       #.........   99%         5


Dungeon Overview and Level Annotations

Branches:
Dungeon (1/15)

Altars:


Innate Abilities, Weirdness & Mutations

You have sharp fingernails.


Message History

The bolt barely misses the hobgoblin.
The jackal bites you. x2
You shoot a bolt. The bolt barely misses the jackal.
The jackal barely misses you. The hobgoblin barely misses you.
The jackal closely misses you.
You shoot a bolt. The bolt hits the jackal!
You kill the jackal!
The hobgoblin hits you but does no damage.
A hobgoblin comes into view. It is wielding a +0 club.
You shoot a bolt. The hobgoblin shouts!
The bolt hits the hobgoblin!
You kill the hobgoblin!
The rat closely misses you. The rat bites you.
Unknown command.
You shoot a bolt. The bolt closely misses the rat.
The rat barely misses you.
You shoot a bolt. The bolt barely misses the hobgoblin.
The rat closely misses you. The hobgoblin hits you with a +0 club.
The rat misses you.
Unknown command.
Are you sure you want to abandon this character and quit the game? (Confirm with "yes".)

#. #. . #. .. ## ..? ..
## ...( ... #. .....
###### #..# #.
.....(####....###..# ##.
((....(r@g....(##..# #..
......(##..........####..
....... #.###.##......†..
....... #.# #.##..#..##..
......( #.. #.##.....##..
[.....# ##.##..#..#.#....
.....# #..............#
##### #####......)..##
#.......#..#


You could see a hobgoblin and a rat.

Vanquished Creatures
  A dart slug (D:1)
  A leopard gecko (D:1)
  A ball python (D:1)
  2 hobgoblins (D:1)
  2 jackals (D:1)
  A kobold (D:1)
  4 bats (D:1)
  A rat (D:1)
13 creatures vanquished.

Notes
Turn   | Place    | Note
-------+----------+-------------------------------------------
     0 | D:1      | Morbidden the Demonspawn Wanderer began the quest for the
                  | Orb.
     0 | D:1      | Morbidden set off with the following items: a +0 hand
                  | crossbow, 33 bolts, a +0 robe; and the following spells
                  | available to memorise: Shock, Apportation, Swiftness,
                  | Static Discharge, Teleport Other, Airstrike, Lightning Bolt
     0 | D:1      | Reached XP level 1. HP: 13/13 MP: 4/4
     2 | D:1      | Learned a level 1 spell: Shock
   124 | D:1      | Gained mutation: You have sharp fingernails. [demonic
                  | ancestry]
   124 | D:1      | Reached XP level 2. HP: 19/19 MP: 6/6
   157 | D:1      | Quit the game

Illustrated notes

Levels and vault maps discovered:
D:1:      dpeg_arrival_tiny_e, layout_rooms

Action                   || total
-------------------------++-------
 Fire: Hand crossbow     ||    27
Armor: Robe              ||    14
Dodge: Dodged            ||    22

Table legend: (Time is in decaauts)
 A = Elapsed time spent in this place.
 B = Non-inter-level travel time spent in this place.
 C = Inter-level travel time spent in this place.
 D = Time resting spent in this place.
 E = Time spent auto-exploring this place.
 F = Levels seen in this place.
 G = Mean time per level.
                   A        B        C        D        E       F      G
               +--------+--------+--------+--------+--------+-----+--------+
         Total |    170 |    170 |      0 |      0 |    103 |   1 |  170.0 |
       Dungeon |    170 |    170 |      0 |      0 |    103 |   1 |  170.0 |
               +--------+--------+--------+--------+--------+-----+--------+

Top non-repeatable levels by time:
     D:1: 170 daAuts
